[Event "Live Chess"]
[Site "Chess.com"]
[Date "2024.06.01"]
[Round "-"]
[White "Ferrarifan27"]
[Black "lateforthesky"]
[Result "1/2-1/2"]
[WhiteElo "2088"]
[BlackElo "2143"]
[TimeControl "300"]
[EndTime "14:42:15 PDT"]
[Termination "Game drawn by repetition"]

1. e4 c5 2. Nf3 Nf6 3. Nc3 d6 4.
d4 cxd4 5. Nxd4 a6 6. Bg5 e6 7.
f4 Nc6 8. Nxc6 bxc6 9. e5 h6 10.
Bh4 g5 11. fxg5 Nd5 12. Nxd5 exd5 13. exd6 hxg5 14. Qe2+ Be6 15. Bg3 Bxd6 16. Bxd6 Qxd6 17. O-O-O Rxh2 18. Rxh2 Qxh2 19. Rd3 Qf4+ 20. Kb1 Rb8 21. Rf3 Qb4 22. Rb3 Qd6 23. Rxb8+ Qxb8 24. Qxa6 Qc7 25. Qe2 Kf8 26. a3 c5 27. Qd2 Qe7 28.
Bd3 Kg7 29. Qe1 Qf6 30. a4 c4 31. Bf1 d4 32. a5 Bd5 33. Qd1 Qf2 34. a6 f6 35. a7 d3 36. cxd3 Qxa7 37. dxc4 Be4+ 38. Bd3 Qd4 39. b3 Bxd3+ 40. Ka2 Qc3 41. Qf3 Qc2+ 42. Ka3 Bf5 43. g4 Be6 44. Qb7+ Bf7 45. Qd7 Qc3 46. Ka4 Qe5 47. b4 Kg6 48. Qd3+ f5 49. gxf5+ Qxf5 50. Qd6+ Kg7 51. Qd4+ Kh6 52. b5 g4 53. b6 Qc2+ 54. Kb5 Qb3+ 55. Kc5 g3 56. Qf6+ Bg6 57.
Qh4+ Kg7 58. Qe7+ Kh6 59. Qh4+ Kg7 60. Qe7+ Kh6 61. b7 g2 62. Qh4+ Kg7 63. Qd4+ Kh6 64.
Qf4+ Kg7 65. Qe5+ Kh6 66. Qf4+ Kg7 67. Qd4+ Kh6 68. Qh4+ Kg7 69. Qe7+ Kh6 70. Qh4+ 1/2-1/2

[Event "Live Chess"]
[Site "Chess.com"]
[Date "2024.06.01"]
[Round "-"]
[White "GrahamCuthbert"]
[Black "kylet1990"]
[Result "1-0"]
[WhiteElo "1024"]
[BlackElo "731"]
[TimeControl "300"]
[EndTime "14:42:16 PDT"]
[Termination "GrahamCuthbert won by resignation"]

1. d4 c6 2. Bf4 d5 3. Nf3 Bf5 4.
e3 e6 5. Ne5 Nd7 6. c4 Nxe5 7.
Bxe5 f6 8. Bg3 Bd6 9. cxd5 Bxg3 10. hxg3 Qxd5 11. Nc3 Qa5 12. Qb3 O-O-O 13. Bc4 e5 14. Be6+ Bxe6 15. Qxe6+ Kb8 16. dxe5 fxe5 17. Qxe5+ Ka8 18.
Qxa5 1-0

[Event "Live Chess"]
[Site "Chess.com"]
[Date "2024.06.01"]
[Round "-"]
[White "koekoekoe"]
[Black "GwaryTek"]
[Result "1-0"]
[WhiteElo "2010"]
[BlackElo "1904"]
[TimeControl "300"]
[EndTime "14:42:39 PDT"]
[Termination "koekoekoe won by resignation"]

1. d4 Nf6 2. Bf4 d6 3. e3 Nbd7 4. c4 e5 5. dxe5 dxe5 6. Bg3 Bb4+ 7. Nc3 Bxc3+ 8. bxc3 Qe7 9. Nf3 O-O 10. Be2 Re8 11.
O-O Qa3 12. Qb3 Qa6 13. Rfd1 Ne4 14. Qc2 Nxg3 15. hxg3 Nf6 16. Rab1 Qc6 17. Qb3 Bf5 18. Qxb7 Qe6 19. Rb2 Ng4 20. Nh2 Nf6 21. Qxc7 h5 22. Nf3 Be4 23. Ng5 Qf5 24. Qxf7+ Kh8 25. Nxe4 Qxe4 26.
Bf3 Qf5 27. Bxa8 Rxa8 1-0

[Event "Live Chess"]
[Site "Chess.com"]
[Date "2024.06.01"]
[Round "-"]
[White "RichardABates"]
[Black "imchessive"]
[Result "1-0"]
[WhiteElo "2233"]
[BlackElo "1594"]
[TimeControl "300"]
[EndTime "14:43:07 PDT"]
[Termination "RichardABates won by resignation"]

1. d4 f5 2. g3 d6 3. Bg2 Nf6 4. c4 g6 5. Nc3 c6 6. Bg5 Bg7 7.
h4 a5 8. h5 Nxh5 9. Rxh5 gxh5 10. e3 O-O 11. Qxh5 Qe8 12. Qh4 Be6 13. d5 cxd5 14. cxd5 Bd7 15. Nge2 Na6 16. Bxe7 Rf7 17. Bxd6 Nb4 18. Bxb4 axb4 19. Qxb4 b5 20. d6 Rb8 21.
Nd5 Qe5 22. Nd4 Kh8 23. Kf1 Rc8 24. Rd1 Rc4 25. Qb3 Bc6 26. Nxc6 Rxc6 27. Qxb5 Rc2 28. d7 Rf8 29. Bf3 Rxb2 30. Qc5 Qb8 31. Nc7 Rb7 32.
Qxf8+ Qxf8 33. d8=Q Qxd8 34. Rxd8+ Bf8 35. Rxf8+ Kg7 36.
Ne6+ Kg6 37. Bxb7 1-0

[Event "Live Chess"]
[Site "Chess.com"]
[Date "2024.06.01"]
[Round "-"]
[White "AnotherOneBadPlayer"]
[Black "gmnorfolk"]
[Result "0-1"]
[WhiteElo "2198"]
[BlackElo "2099"]
[TimeControl "300"]
[EndTime "14:43:10 PDT"]
[Termination "gmnorfolk won by resignation"]

1. Nf3 Nf6 2. b3 g6 3. Bb2 Bg7 4. e3 O-O 5. Be2 d5 6. O-O c5 7. d4 cxd4 8. Nxd4 Nc6 9. Nxc6 bxc6 10. Nd2 Bf5 11. Nf3 a5 12. a4 c5 13. Bb5 Qb6 14. Qe2 Rfd8 15. Rad1 Rac8 16. c4 dxc4 17. Bxc4 Rxd1 18.
Rxd1 Rd8 19. Ng5 e6 20. e4 Rxd1+ 21. Qxd1 Nxe4 22. Qd7 Nxg5 23. Qe8+ Bf8 24. Bf6 Qd6 25.
h4 Ne4 26. Bd8 h5 27. Bxa5 Qd4 28. Be1 Qd1 29. Kf1 Nd2+ 30. Kg1 Qxe1+ 31. Kh2 Qxf2 0-1

[Event "Live Chess"]
[Site "Chess.com"]
[Date "2024.06.01"]
[Round "-"]
[White "Delacorta"]
[Black "Duke_of_Bebington"]
[Result "1-0"]
[WhiteElo "1590"]
[BlackElo "1635"]
[TimeControl "300"]
[EndTime "14:43:25 PDT"]
[Termination "Delacorta won by checkmate"]

1. d4 d5 2. Nf3 Nf6 3. e3 Bf5 4. Bd3 Bxd3 5. cxd3 e6 6. Nbd2 c5 7. O-O Nc6 8. dxc5 Bxc5 9. d4 Bd6 10. b3 O-O 11. Bb2 Rc8 12. Ne5 Bxe5 13. dxe5 Nd7 14. f4 f6 15. exf6 Nxf6 16. Nf3 Qb6 17. Nd4 Ne4 18. Qe1 Nxd4 19. Bxd4 Qa6 20. Qh4 b6 21. Qe7 Rf7 22. Qxe6 Nc5 23. Bxc5 Rxc5 24. Rac1 Qb7 25. Rxc5 bxc5 26. Rd1 Qd7 27. Qxd5 Qxd5 28. Rxd5 Rc7 29.
Kf2 Kf7 30. Ke2 h6 31. Kd3 Ke6 32. e4 c4+ 33. bxc4 Rb7 34. Rb5 Rd7+ 35. Kc3 Rd1 36. Rb7 Kf6 37. Rxa7 Rg1 38. Ra6+ Kf7 39. a4 Rxg2 40. a5 Rxh2 41. Rb6 Rh3+ 42. Kd4 g5 43. fxg5 hxg5 44. a6 Ra3 45. Ke5 g4 46. Rb7+ Ke8 47. Ke6 Kf8 48. a7 g3 49. Rb8+ Kg7 50. a8=Q Rxa8 51. Rxa8 g2 52. Ra1 Kh6 53. Rg1 Kg5 54. Rxg2+ Kf4 55. Rd2 Kxe4 56. Rd6 Ke3 57. c5 Ke2 58. c6 Kf3 59. c7 Kg2 60. c8=Q Kg3 61. Qc4 Kf2 62. Rd3 Kg2 63. Qc2+ Kg1 64. Rd1# 1-0

[Event "Live Chess"]
[Site "Chess.com"]
[Date "2024.06.01"]
[Round "-"]
[White "road2gm5000"]
[Black "Rusty_Bridges"]
[Result "0-1"]
[WhiteElo "1091"]
[BlackElo "1517"]
[TimeControl "300"]
[EndTime "14:43:30 PDT"]
[Termination "Rusty_Bridges won by resignation"]

1. e4 d6 2. d4 Nf6 3. Nc3 Nbd7 4. Nf3 e5 5. dxe5 dxe5 6. Be3 Bb4 7. Bc4 h6 8. Qd3 c6 9. O-O Qc7 10. Rad1 g5 11. Bxf7+ Kxf7 12. Bxg5 hxg5 13. Qc4+ Kg6 14. Qxb4 Nf8 15. Qe7 Qxe7 0-1

[Event "Live Chess"]
[Site "Chess.com"]
[Date "2024.06.01"]
[Round "-"]
[White "Queensandpawns"]
[Black "PughmanChess"]
[Result "1-0"]
[WhiteElo "2381"]
[BlackElo "1387"]
[TimeControl "300"]
[EndTime "14:43:30 PDT"]
[Termination "Queensandpawns won by resignation"]

1. e4 c6 2. d4 d5 3. Nd2 dxe4 4. Nxe4 Nf6 5. Ng5 h6 6. Nxf7 Kxf7 7. Nf3 Nbd7 8. Bd3 e6 9. O-O Bd6 10. Re1 Re8 11. Ne5+ Nxe5 12. dxe5 Qc7 13. exf6 Bxh2+ 14. Kh1 gxf6 15. Qh5+ Ke7 16. Qxh2 Qxh2+ 17. Kxh2 1-0

[Event "Live Chess"]
[Site "Chess.com"]
[Date "2024.06.01"]
[Round "-"]
[White "lyricalschemes"]
[Black "Tushinskiy"]
[Result "1-0"]
[WhiteElo "2460"]
[BlackElo "2251"]
[TimeControl "300"]
[EndTime "14:43:34 PDT"]
[Termination "lyricalschemes won by resignation"]

1. e4 e5 2. Nc3 d6 3. d4 Nc6 4.
dxe5 dxe5 5. Qxd8+ Nxd8 6. Be3 Ne6 7. O-O-O c6 8. Nge2 Nf6 9. h3 Be7 10. g4 h6 11. Ng3 Ng5 12. Bxg5 hxg5 13. Bc4 Be6 14. Bxe6 fxe6 15. Rd3 Bc5 16. Rd2 Nxg4 17. hxg4 Rxh1+ 18. Nxh1 Ke7 19. Ng3 Rh8 20. Na4 Bb4 21. c3 Ba5 22. Nc5 1-0

[Event "Live Chess"]
[Site "Chess.com"]
[Date "2024.06.01"]
[Round "-"]
[White "SimonB4a"]
[Black "jimwad"]
[Result "1-0"]
[WhiteElo "2184"]
[BlackElo "1286"]
[TimeControl "300"]
[EndTime "14:43:38 PDT"]
[Termination "SimonB4a won by resignation"]

1. d4 d5 2. c4 c6 3. Nc3 Nf6 4. Nf3 Bf5 5. cxd5 cxd5 6. Bg5 e6 7.
Qb3 b6 8. e3 Be7 9. Bb5+ Nbd7 10. Ne5 O-O 11. Nc6 Qe8 12. O-O h6 13. Nxe7+ Qxe7 14. Bf4 Ne4 15. Rac1 Ndf6 16. Nxe4 Nxe4 17. Rc7 Qf6 18.
Rfc1 Qh4 19. Bg3 Nxg3 20. hxg3 Qf6 21. Qa3 a5 22. Qd6 Rab8 23. R1c6 Bb1 24. a3 h5 25. Rxb6 Rxb6 26. Qxb6 h4 27. gxh4 Qxh4 28. Qxa5 Be4 29. Bf1 Rb8 30. b4 g6 31. Qc5 Kg7 32. Rc8 Rxc8 33. Qxc8 Bd3 34. Bxd3 1-0

[Event "Live Chess"]
[Site "Chess.com"]
[Date "2024.06.01"]
[Round "-"]
[White "Mangoalo"]
[Black "Plato_77"]
[Result "0-1"]
[WhiteElo "1064"]
[BlackElo "1353"]
[TimeControl "300"]
[EndTime "14:43:38 PDT"]
[Termination "Plato_77 won by resignation"]

1. e4 e6 2. d4 d5 3. exd5 exd5 4. Nc3 Nf6 5. Bg5 Bb4 6. Ne2 O-O 7. g3 h6 8. Bxf6 Qxf6 9. Bg2 Re8 10. O-O c6 11.
Nf4 Bf5 12. Re1 Nd7 13. Qd2 Nb6 14. a3 Nc4 15. Qc1 Bd6 16. b3 Nb6 17. b4 Nc4 18. Ncxd5 cxd5 19. Nxd5 Qxd4 20. Rxe8+ Rxe8 21. Qf1 Bxc2 22.
Re1 Rxe1 23. Qxe1 Qd1 24. Nf6+ gxf6 25. Qxd1 Bxd1 26. Bxb7 Nxa3 27. b5 Nxb5 28. f4 a5 29. Bc6 Be2 30. Bd5 a4 31. Kf2 Bd1 32. h4 a3 33. f5 Bc5+ 34. Kg2 Nc3 35. Bc4 a2 36. Bxa2 Nxa2 0-1

[Event "Live Chess"]
[Site "Chess.com"]
[Date "2024.06.01"]
[Round "-"]
[White "LL220284LL"]
[Black "bez2104"]
[Result "1-0"]
[WhiteElo "2531"]
[BlackElo "1561"]
[TimeControl "300"]
[EndTime "14:43:56 PDT"]
[Termination "LL220284LL won on time"]

1. g3 Nf6 2. Bg2 g6 3. Nf3 Bg7 4. b3 O-O 5. O-O d6 6. Bb2 e5 7. d3 Bg4 8. Nbd2 Nbd7 9. c4 c6 10. Qc2 Qc7 11. Rae1 Rad8 12. b4 d5 13. a3 Rfe8 14.
e3 e4 15. dxe4 dxe4 16. Nd4 a6 17. Nxe4 Nxe4 18. Bxe4 c5 19. bxc5 Nxc5 20. Bg2 Qa5 21. Bc3 Qc7 22. Rb1 b6 23. Rbc1 Ne6 24. Nxe6 Bxe6 25.
Bxg7 Kxg7 26. c5 Rb8 27. c6 b5 28. Rfd1 b4 29. axb4 Rxb4 30. Qc3+ Kg8 31. Qxb4 Qe5 32. c7 1-0

[Event "Live Chess"]
[Site "Chess.com"]
[Date "2024.06.01"]
[Round "-"]
[White "f4nomore"]
[Black "willc-h99"]
[Result "0-1"]
[WhiteElo "1236"]
[BlackElo "2622"]
[TimeControl "300"]
[EndTime "14:44:22 PDT"]
[Termination "willc-h99 won by resignation"]

1. b3 c5 2. Bb2 Nc6 3. e3 e5 4.
Nf3 d6 5. Bb5 Bd7 6. O-O a6 7.
Be2 f5 8. d3 Nf6 9. Nc3 d5 10.
e4 d4 11. Nd5 Bd6 12. c4 dxc3 13. Bxc3 O-O 14. h3 Be6 15. Rc1 Nxd5 16. exd5 Bxd5 17. Nh2 Qd7 18. Bf3 Qf7 19. Bxd5 Qxd5 20. Qf3 Qxf3 21.
gxf3 Rad8 22. Kh1 b6 23. Rg1 Be7 24. Nf1 Rxd3 25. Rg2 Rxf3 26. Ne3 Rxh3+ 27. Kg1 Nd4 28. Re1 Nf3+ 29. Kf1 Nxe1 30. Kxe1 Bf6 31. Nxf5 Rxc3 0-1

[Event "Live Chess"]
[Site "Chess.com"]
[Date "2024.06.01"]
[Round "-"]
[White "wadsy27"]
[Black "dl_chess"]
[Result "1-0"]
[WhiteElo "2540"]
[BlackElo "1181"]
[TimeControl "300"]
[EndTime "14:44:33 PDT"]
[Termination "wadsy27 won on time"]

1. e4 e6 2. Nf3 d5 3. exd5 exd5 4. d4 Bd6 5. Bd3 Nf6 6. O-O O-O 7. h3 Nbd7 8. Bg5 c6 9. Nbd2 h6 10. Bh4 Qc7 11.
c3 Re8 12. Qc2 b6 13. Rae1 a5 14. Rxe8+ Nxe8 15. Re1 Nef6 16. Nf1 Ba6 17. Bxa6 Rxa6 18. Ne3 Ra8 19. Nf5 Re8 20. Rxe8+ Nxe8 21. Qe2 Nef6 22. Qa6 Kh7 23. Qa8 Ne4 24. Bd8 Qb8 25. Qxc6 Qxd8 26.
Nxd6 Nxd6 27. Qxd6 Qe8 28. Qxd5 Nf6 29. Qf5+ Kg8 30.
Ne5 Qa4 31. Qc8+ Kh7 32. Nxf7 Qd1+ 33. Kh2 Qd2 34. Qh8+ Kg6 35. Ne5+ Kf5 36. Qxg7 Qf4+ 37. Qg3 Qxg3+ 38. Kxg3 Ne4+ 39. Kf3 1-0

[Event "Live Chess"]
[Site "Chess.com"]
[Date "2024.06.01"]
[Round "-"]
[White "DylanMeyer1"]
[Black "ProfPoisson"]
[Result "1-0"]
[WhiteElo "1709"]
[BlackElo "1274"]
[TimeControl "300"]
[EndTime "14:44:48 PDT"]
[Termination "DylanMeyer1 won by checkmate"]

1. c4 e6 2. Nc3 f5 3. d4 Nf6 4. g3 Bb4 5. Qc2 O-O 6. Bg2 d6 7. a3 Bxc3+ 8. Qxc3 Ne4 9. Qc2 Nc6 10. e3 d5 11. b3 a5 12. Ne2 Qe8 13. O-O e5 14. f3 Ng5 15. cxd5 Ne7 16. dxe5 Nxd5 17. f4 Ne4 18. Bxe4 fxe4 19. Qxe4 c6 20. Bb2 Bf5 21. Qd4 Qh5 22. Rf2 Bg4 23. e4 Bxe2 24. exd5 Rad8 25. e6 Rxd5 26. Qxg7# 1-0

[Event "Live Chess"]
[Site "Chess.com"]
[Date "2024.06.01"]
[Round "-"]
[White "oscalik"]
[Black "IgorSchukin"]
[Result "1/2-1/2"]
[WhiteElo "2332"]
[BlackElo "1707"]
[TimeControl "300"]
[EndTime "14:45:03 PDT"]
[Termination "Game drawn by repetition"]

1. e4 c5 2. Nf3 e6 3. d4 cxd4 4. Nxd4 Nc6 5. Nb5 a6 6. Nd6+ Bxd6 7. Qxd6 Qe7 8. Qd2 Nf6 9. Bd3 d5 10. Nc3 dxe4 11. Nxe4 Nxe4 12. Bxe4 Bd7 13. O-O O-O 14. b3 Rfd8 15. Qf4 f5 16. Bd3 e5 17. Bc4+ Kh8 18.
Qg3 b5 19. Bd5 f4 20. Qc3 Rac8 21. Re1 Qf6 22. Qb2 Nd4 23. c4 bxc4 24. bxc4 Bc6 25.
Bd2 Bxd5 26. cxd5 Rxd5 27. Qb7 Rcd8 28. Bc3 f3 29. Bxd4 Rxd4 30. Qxf3 Rf4 31. Qg3 h5 32. Rad1 Rf8 33. Re2 h4 34. Qe3 e4 35. Rde1 g5 36. Rc1 g4 37. Qc3 Kg7 38. Qxf6+ R8xf6 39. Rc7+ Kg6 40. Re7 g3 41. hxg3 hxg3 42. R7xe4 Rxe4 43. Rxe4 Rxf2 44. Rg4+ Kf5 45. Rxg3 Rxa2 46. Rg8 Kf6 47.
g4 a5 48. Ra8 Kg5 49. Rg8+ Kf6 50. g5+ Kf7 51. Ra8 Kg7 52. Ra6 a4 53. g6 a3 54.
Kh1 Kh6 55. Kg1 Kg7 56. Kh1 Kh6 57. Kg1 Kg7 1/2-1/2

[Event "Live Chess"]
[Site "Chess.com"]
[Date "2024.06.01"]
[Round "-"]
[White "KeithArkell"]
[Black "bonantagulo"]
[Result "1-0"]
[WhiteElo "2416"]
[BlackElo "2108"]
[TimeControl "300"]
[EndTime "14:45:24 PDT"]
[Termination "KeithArkell won by checkmate"]

1. d4 Nf6 2. Nf3 e6 3. c4 b6 4. g3 Ba6 5. b3 Bb4+ 6. Bd2 Be7 7. Bg2 c6 8. O-O d5 9. Ne5 Nfd7 10. Nd3 dxc4 11. Nb4 Bb7 12. bxc4 Qc7 13. a4 c5 14. dxc5 Bxc5 15. Nd3 Bxg2 16. Kxg2 Bd4 17. Nc3 O-O 18. Nb5 Qb7+ 19. Kg1 Bxa1 20. Qxa1 Nc6 21. Bc3 f6 22. Nf4 e5 23. Nd5 Nc5 24. f3 e4 25. Nd6 Qd7 26. Nxe4 Nxe4 27. fxe4 Qd6 28. Qb1 Qc5+ 29. Kg2 Qxc4 30.
Qd3 Qxa4 31. Ra1 Qb3 32. Rb1 Qa3 33. Ra1 Qc5 34. Rc1 Ne5 35. Qa6 Qc4 36. Qxc4 Nxc4 37. Bxf6 Nd2 38. Be7 Rf7 39. e5 Re8 40. e6 Rf5 41. Ne3 Re5 42. Ng4 Rxe2+ 43. Kh3 Rxe6 44. Bb4 Nf3 45. Rc7 Ne5 46. Ne3 Nd3 47. Nd5 Nxb4 48. Nxb4 a5 49. Nd5 a4 50. Ra7 b5 51. Ra5 Rb8 52. Nc7 Reb6 53. Nd5 R6b7 54. Nb4 h6 55. Ra6 Rb6 56. Ra7 R8b7 57. Ra8+ Kf7 58. Kg4 Ke6 59. Kf4 Kd6 60. Ke4 Kc5 61. Nd3+ Kc4 62. Rc8+ Kb3 63.
Nc5+ Kb2 64. Nd3+ Ka2 65. Rc2+ Kb1 66. Rb2+ Ka1 67. Rb4 a3 68. Ne1 a2 69. Nc2# 1-0

[Event "Live Chess"]
[Site "Chess.com"]
[Date "2024.06.01"]
[Round "-"]
[White "JanMur7"]
[Black "NeilDruggan73"]
[Result "1-0"]
[WhiteElo "2295"]
[BlackElo "1754"]
[TimeControl "300"]
[EndTime "14:45:24 PDT"]
[Termination "JanMur7 won by resignation"]

1. c4 d6 2. Nc3 Nf6 3. d4 g6 4. e4 Bg7 5. Be2 O-O 6. Bg5 Nc6 7. g4 e5 8. d5 Ne7 9. h4 h6 10. Be3 h5 11. gxh5 Nxh5 12. Bxh5 gxh5 13. Qxh5 Ng6 14. Nge2 Qd7 15. Rg1 Qh3 16. Bh6 Kh7 17. Bxg7+ Kxg7 18. Qg5 Rh8 19. O-O-O Rxh4 20. Rg3 Qh2 21. f4 Rh5 22. Qd8 b6 23. f5 Bxf5 24. Qxa8 Bd7 25. Qd8 Ba4 26. Rdg1 Qf2 27. Qxc7 Qe3+ 28. Rxe3 1-0

[Event "Live Chess"]
[Site "Chess.com"]
[Date "2024.06.01"]
[Round "-"]
[White "hapehansen"]
[Black "chessfiction"]
[Result "1-0"]
[WhiteElo "2270"]
[BlackElo "2371"]
[TimeControl "300"]
[EndTime "14:45:29 PDT"]
[Termination "hapehansen won by resignation"]

1. Nf3 Nf6 2. c4 g6 3. g3 Bg7 4. Bg2 O-O 5. O-O d6 6. d4 Nbd7 7. Nc3 c6 8. h3 e5 9. e4 Qc7 10. Be3 Re8 11. d5 a6 12. Qe2 Nc5 13. Nd2 cxd5 14.
cxd5 b5 15. Rfc1 Qe7 16. b4 Ncd7 17. a4 bxa4 18. Rxa4 Nh5 19. b5 a5 20. Nc4 f5 21.
exf5 e4 22. Nxe4 gxf5 23. Nexd6 f4 24. Qxh5 Rf8 25. Bxf4 1-0

[Event "Live Chess"]
[Site "Chess.com"]
[Date "2024.06.01"]
[Round "-"]
[White "FlyingChessKestrel13"]
[Black "jellhhggffhjjjjjj"]
[Result "1-0"]
[WhiteElo "2058"]
[BlackElo "404"]
[TimeControl "300"]
[EndTime "14:45:31 PDT"]
[Termination "FlyingChessKestrel13 won by checkmate"]

1. e4 g6 2. d4 Bg7 3. Nc3 d5 4.
exd5 Bf5 5. Nf3 c6 6. dxc6 Nxc6 7. d5 Nb4 8. Bb5+ Kf8 9. Bd3 Nxd3+ 10. cxd3 Nf6 11.
O-O Nxd5 12. d4 Nxc3 13. bxc3 Qd5 14. Be3 Bg4 15. h3 Bxf3 16. Qxf3 Qxf3 17. gxf3 h5 18. Rab1 b6 19. c4 f6 20. c5 bxc5 21. dxc5 Kf7 22.
Rfc1 Rhc8 23. c6 Rc7 24. Rb7 Rxb7 25. cxb7 Rb8 26. Rb1 g5 27. Bxa7 Rxb7 28. Rxb7 Kg6 29. Rxe7 h4 30. Rxg7+ Kxg7 31. Bd4 Kg6 32. a4 Kf5 33. a5 Kf4 34. a6 Kxf3 35. a7 g4 36. a8=Q+ Kf4 37. Be3+ Kf5 38. hxg4+ Kxg4 39. Qg2+ Kh5 40.
Qf3+ Kg6 41. Qg4+ Kf7 42. Qxh4 Ke6 43. Qe4+ Kf7 44. Qf5 Ke7 45. Bd4 Kd6 46. Qxf6+ Kc7 47. Qe7+ Kb8 48. Qd8+ Kb7 49. Qb6+ Kc8 50. Qa7 Kd8 51.
Bc5 Ke8 52. Qe7# 1-0

[Event "Live Chess"]
[Site "Chess.com"]
[Date "2024.06.01"]
[Round "-"]
[White "AlexanderMatlak"]
[Black "IanCalvert2"]
[Result "1-0"]
[WhiteElo "2433"]
[BlackElo "1642"]
[TimeControl "300"]
[EndTime "14:45:42 PDT"]
[Termination "AlexanderMatlak won by resignation"]

1. e4 d5 2. exd5 Qxd5 3. Nc3 Qd6 4. Bc4 Nf6 5. d4 a6 6. Nge2 b5 7. Bb3 Bb7 8. O-O c5 9. dxc5 Qxd1 10. Rxd1 e6 11.
Be3 Nbd7 12. a4 b4 13. Na2 a5 14. Bc4 Bxc5 15. Bxc5 Nxc5 16. Bb5+ Ke7 17. c3 bxc3 18. Naxc3 Rhd8 19. Nd4 Rac8 20. f3 Rxd4 21. Rxd4 Nb3 22. Rad1 Nxd4 23. Rxd4 Rd8 24. Rc4 Rc8 25. Rxc8 Bxc8 26.
Kf2 Bb7 27. Ke3 Kd6 28. Kd4 e5+ 29. Kc4 e4 30. fxe4 Nxe4 31. Nxe4+ Bxe4 32. g3 f5 33. b4 axb4 34. Kxb4 g5 35. Kc3 f4 36. Kd4 Bb7 37.
gxf4 gxf4 38. a5 h5 39. h4 Ke6 40. a6 Ba8 41. a7 Kf5 42. Bd3+ Kg4 43. Be4 f3 44. Bxa8 f2 45. Bg2 1-0

[Event "Live Chess"]
[Site "Chess.com"]
[Date "2024.06.01"]
[Round "-"]
[White "CarmelJane"]
[Black "nigelst"]
[Result "1-0"]
[WhiteElo "2069"]
[BlackElo "1679"]
[TimeControl "300"]
[EndTime "14:45:59 PDT"]
[Termination "CarmelJane won by resignation"]

1. e4 c6 2. Nc3 d5 3. Nf3 Bg4 4. Be2 Nf6 5. e5 Nfd7 6. d4 e6 7. Be3 c5 8. h3 Bxf3 9. Bxf3 cxd4 10.
Bxd4 Nc6 11. O-O Ndxe5 12. Bxe5 Nxe5 13. Bxd5 exd5 14. Re1 Bd6 15. f4 O-O 16. fxe5 Bc5+ 17. Kh1 d4 18. Ne4 Be7 19. Qg4 Rc8 20. c3 dxc3 21.
Nxc3 Qb6 22. Nd5 Qe6 23. Qxe6 1-0

[Event "Live Chess"]
[Site "Chess.com"]
[Date "2024.06.01"]
[Round "-"]
[White "NebodarMatevich"]
[Black "Zhevzh1k7"]
[Result "1-0"]
[WhiteElo "1559"]
[BlackElo "1103"]
[TimeControl "300"]
[EndTime "14:46:03 PDT"]
[Termination "NebodarMatevich won by resignation"]

1. e4 c6 2. d4 d5 3. e5 c5 4.
dxc5 e6 5. Be3 Nc6 6. Bb5 Qa5+ 7. Nc3 a6 8. Bxc6+ bxc6 9. a3 Ne7 10. b4 Qc7 11.
Bd4 a5 12. Nge2 axb4 13. axb4 Rxa1 14. Qxa1 Ng6 15. f4 Nh4 16. O-O Nf5 17. Bf2 Be7 18.
Nd4 Nxd4 19. Bxd4 O-O 20. b5 cxb5 21. Nxb5 Qb7 22. Nd6 Bxd6 23. cxd6 Bd7 24. c3 Ra8 25. Qb1 Qxb1 26. Rxb1 h6 27. Rb7 Bc8 28. Rc7 Ba6 29. h3 Bc4 30. d7 Ra1+ 31. Kh2 Ra8 32. Rc8+ Rxc8 1-0

[Event "Live Chess"]
[Site "Chess.com"]
[Date "2024.06.01"]
[Round "-"]
[White "KnightStripes"]
[Black "McFim"]
[Result "0-1"]
[WhiteElo "903"]
[BlackElo "1623"]
[TimeControl "300"]
[EndTime "14:46:20 PDT"]
[Termination "McFim won by checkmate"]

1. d3 d5 2. d4 Nf6 3. Nc3 Bf5 4.
f3 e6 5. g4 Bg6 6. h4 h5 7. g5 Nfd7 8. Bf4 a6 9. e3 c5 10.
dxc5 Bxc5 11. Bd3 Bxd3 12. Qxd3 g6 13. O-O-O Nc6 14. e4 d4 15. Nce2 Nb4 16. Qc4 b5 17. Qb3 e5 18. Bg3 a5 19. f4 a4 20. Qf3 Nxa2+ 21.
Kb1 a3 22. b3 Nb4 23. fxe5 a2+ 24. Ka1 Nxc2+ 25. Kb2 Ne3 26. Ra1 Qa5 27. Nxd4 Bxd4+ 28. Kc1 Rc8# 0-1

[Event "Live Chess"]
[Site "Chess.com"]
[Date "2024.06.01"]
[Round "-"]
[White "lateforthesky"]
[Black "upoe610"]
[Result "0-1"]
[WhiteElo "2132"]
[BlackElo "2220"]
[TimeControl "300"]
[EndTime "14:46:35 PDT"]
[Termination "upoe610 won by checkmate"]

1. e4 e5 2. Nf3 Nc6 3. Bb5 a6 4.
Ba4 Nf6 5. O-O Be7 6. Qe2 b5 7.
Bb3 O-O 8. Rd1 d5 9. d3 Bg4 10. h3 Nd4 11. Qe3 Nxf3+ 12. gxf3 Bxh3 13. exd5 Nxd5 14. Qe4 c6 15. Nc3 Bg5 16. Qxe5 Bxc1 17. Raxc1 Re8 18. Qg3 Qd7 19. Nxd5 cxd5 20. Bxd5 Qxd5 21.
Qxh3 Re5 22. Re1 Rh5 23. c4 Qc5 24. b4 Qg5+ 25. Qg3 Qh6 26. f4 Rh3 27. Qg5 Rh1+ 28. Kg2 Qh3# 0-1

[Event "Live Chess"]
[Site "Chess.com"]
[Date "2024.06.01"]
[Round "-"]
[White "BearFromUkraine"]
[Black "KeithArkell"]
[Result "0-1"]
[WhiteElo "1071"]
[BlackElo "2416"]
[TimeControl "300"]
[EndTime "14:46:40 PDT"]
[Termination "KeithArkell won by resignation"]

1. e4 c6 2. d4 d5 3. exd5 cxd5 4. Nc3 Nf6 5. Nf3 Nc6 6. Bb5 Bg4 7. O-O e6 8. h3 Bxf3 9. Qxf3 Be7 10. Bg5 O-O 11. Bxf6 Bxf6 12. Rfe1 Nxd4 13. Qd1 Nxb5 14. Nxb5 Qb6 15.
a4 a6 16. Nc3 Qxb2 17. Qd2 Bxc3 0-1

[Event "Live Chess"]
[Site "Chess.com"]
[Date "2024.06.01"]
[Round "-"]
[White "MagnersCarlsberg2870"]
[Black "agamilewska"]
[Result "0-1"]
[WhiteElo "1750"]
[BlackElo "1772"]
[TimeControl "300"]
[EndTime "14:46:52 PDT"]
[Termination "agamilewska won by resignation"]

1. Nf3 d5 2. e4 dxe4 3. Ng5 Nf6 4. d3 exd3 5. Bxd3 Nc6 6. Nc3 h6 7. Nf3 Bg4 8. Bf4 e6 9. Qe2 Bb4 10. Bd2 Nd4 11. Qd1 Bxf3 12. gxf3 Bxc3 13. Bxc3 c5 14.
Bxd4 Qxd4 15. Bb5+ Nd7 16. Qe2 O-O-O 17. Rd1 Qb4+ 18.
Kf1 Nf6 19. c3 Qh4 20. b4 Rxd1+ 21. Qxd1 cxb4 22. cxb4 Qxb4 23. Qe2 Qb1+ 24. Kg2 Qg6+ 25. Kh3 Qf5+ 26. Kg2 Nd5 27. Rc1+ Kb8 28. Kh1 Rc8 29. Rxc8+ Kxc8 30. Qc4+ Nc7 31. Qb4 Qxb5 0-1

[Event "Live Chess"]
[Site "Chess.com"]
[Date "2024.06.01"]
[Round "-"]
[White "koekoekoe"]
[Black "kylet1990"]
[Result "1-0"]
[WhiteElo "2010"]
[BlackElo "731"]
[TimeControl "300"]
[EndTime "14:46:54 PDT"]
[Termination "koekoekoe won by checkmate"]

1. d4 c6 2. Bf4 d5 3. e3 Bf5 4. c4 e6 5. Nc3 c5 6. Nf3 cxd4 7. Nxd4 Bb4 8. Nxf5 Bxc3+ 9. bxc3 exf5 10. cxd5 Qa5 11.
Qd4 Nf6 12. Bc4 O-O 13. O-O Rd8 14. Rfd1 b5 15. Bb3 Na6 16. d6 Ne4 17. Rac1 h6 18. Qd5 Nac5 19. Qxf7+ Kh8 20. Be5 Rg8 21. Qxf5 Raf8 22.
Qh5 Nxf2 23. Qxh6# 1-0

[Event "Live Chess"]
[Site "Chess.com"]
[Date "2024.06.01"]
[Round "-"]
[White "willc-h99"]
[Black "Queensandpawns"]
[Result "1-0"]
[WhiteElo "2625"]
[BlackElo "2378"]
[TimeControl "300"]
[EndTime "14:47:01 PDT"]
[Termination "willc-h99 won by resignation"]

1. d4 e5 2. dxe5 Nc6 3. Nf3 Qe7 4. Nc3 Nxe5 5. e4 Nxf3+ 6. Qxf3 Nf6 7. Bg5 c6 8. O-O-O Qe5 9. Bf4 Qa5 10. Bc4 b5 11.
Bb3 Bb4 12. e5 Bxc3 13. exf6 Bxf6 14. Rhe1+ Kd8 15. Qxc6 Qb6 16. Qxa8 1-0

[Event "Live Chess"]
[Site "Chess.com"]
[Date "2024.06.01"]
[Round "-"]
[White "imchessive"]
[Black "Duke_of_Bebington"]
[Result "0-1"]
[WhiteElo "1587"]
[BlackElo "1642"]
[TimeControl "300"]
[EndTime "14:47:08 PDT"]
[Termination "Duke_of_Bebington won by resignation"]

1. d4 d5 2. c4 c6 3. Nf3 Nf6 4. g3 Bf5 5. Nc3 e6 6. cxd5 exd5 7. Bg2 Nbd7 8. O-O Bd6 9. Re1 O-O 10. Nd2 Re8 11. a3 Nb6 12. e4 dxe4 13. Ndxe4 Nxe4 14. Bxe4 Bxe4 15. Nxe4 Be7 16. Qb3 Qxd4 17.
Bf4 Nd5 18. Rad1 Qb6 19. Bd6 Qxb3 0-1